 Dungeon Crawl Stone Soup version 0.24.0-13-gcf9b3192b9 (webtiles) character file.

Game seed: 11995848813116565584, levelgen mode: deterministic

7556 Descartes the Protected (level 10, -11/136 HPs)
             Began as a Deep Dwarf Berserker on Nov 10, 2019.
             Was an Elder of Trog.
             Mangled by a two-headed ogre
             ... wielding a +0 giant club
              (19 damage)
             ... on level 8 of the Dungeon.
             The game lasted 00:40:20 (8329 turns).

Descartes the Protected (Deep Dwarf Berserker)      Turns: 8329, Time: 00:40:22

Health: -11/136    AC: 18    Str: 27    XL:     10   Next: 96%
Magic:  13/13      EV: 12    Int:  9    God:    Trog [****..]
Gold:   355        SH:  5    Dex: 13    Spells: 9/9 levels left

rFire    + . .     SeeInvis .   e - +2 hand axe (elec)
rCold    . . .     Gourm    .   d - +0 buckler
rNeg     . . .     Faith    .   J - +0 plate armour
rPois    .         Spirit   .   C - +0 helmet
rElec    .         Reflect  .   D - +0 cloak
rCorr    .         Harm     .   B - +0 pair of gloves
MR       +++..                  (no boots)
Stlth    ..........             (no amulet)
HPRegen  1.00/turn              z - ring of protection from fire
MPRegen  0.13/turn              (no ring)

@: berserking, non-regenerating, lightly drained, very quick
A: damage resistance, heal wounds, sense surroundings 2, no regeneration
a: Heal Wounds, Berserk, Trog's Hand, Brothers in Arms, Renounce Religion


You were on level 8 of the Dungeon.
You worshipped Trog.
Trog was greatly pleased with you.
You were near starving.

You visited 1 branch of the dungeon, and saw 9 of its levels.

You collected 420 gold pieces.
You spent 65 gold pieces at shops.

Inventory:

Hand Weapons
 e - a +2 hand axe of electrocution (weapon)
 L - a +2 whip of flaming
 M - a +5 halberd
 P - the +7 mace of Untruth {crush, +Fly rPois}
   (You found it on level 7 of the Dungeon)

   It inflicts extra damage upon your enemies.
   It protects you from poison.
   It lets you fly.
 R - a +1 falchion of holy wrath
Missiles
 f - 7 javelins
 g - 232 stones
 o - 152 arrows
 q - 31 bolts
 u - a throwing net (quivered)
 y - 29 boomerangs
 E - 65 sling bullets
 S - 23 poisoned darts
Armour
 d - a +0 buckler (worn)
 k - the +0 ring mail "Famyept" {MP+9 SInv}
   (You found it on level 5 of the Dungeon)

   It affects your magic capacity (+9).
   It lets you see invisible.
 s - a +2 robe of magic resistance
 B - a +0 pair of gloves (worn)
 C - a +0 helmet (worn)
 D - a +0 cloak (worn)
 J - a +0 plate armour (worn)
 K - a +0 ring mail of fire resistance
Jewellery
 z - a ring of protection from fire (left hand)
Wands
 r - a wand of flame (21)
 Q - a wand of digging (6)
Scrolls
 a - a scroll of vulnerability {unknown}
 i - 3 scrolls of remove curse
 n - a scroll of fear {unknown}
 t - 3 scrolls of magic mapping
 H - a scroll of enchant weapon {unknown}
 I - 3 scrolls of teleportation {unknown}
 N - a scroll of fog {unknown}
 O - 3 scrolls of torment {unknown}
Potions
 b - a potion of mutation {unknown}
 h - 3 potions of invisibility
 j - a potion of heal wounds
 l - 3 potions of berserk rage
 m - 7 potions of curing
 p - a potion of cancellation {unknown}
 v - 2 potions of magic
 w - a potion of agility {unknown}
 x - 2 potions of flight
 A - a potion of brilliance {unknown}
 F - a potion of haste {unknown}
 G - a potion of resistance {unknown}
Comestibles
 c - 19 rations
 T - 3 chunks of flesh


   Skills:
 + Level 6.3(5.9) Fighting
 + Level 7.4 Axes
 + Level 2.9(4.9) Maces & Flails
 * Level 9.8(9.5) Armour
 * Level 9.8(9.4) Dodging
 - Level 4.0(3.7) Shields
 + Level 7.4(7.0) Evocations


You had 9 spell levels left.
You didn't know any spells.
Your spell library contained the following spells:

 Spells                   Type           Power        Failure   Level  Hunger
 Freeze                   Ice            #...         98%         1    ##.....
 Infusion                 Chrm           #...         98%         1    ##.....
 Shroud of Golubria       Chrm/Tloc      #.....       99%         2    ###....
 Song of Slaying          Chrm           #.......     99%         2    ###....
 Throw Frost              Conj/Ice       #.....       99%         2    ###....
 Ozocubu's Armour         Chrm/Ice       #.......     100%        3    ####...
 Spectral Weapon          Hex/Chrm       #.......     100%        3    ####...
 Summon Ice Beast         Ice/Summ       #.......     100%        4    #####..
 Throw Icicle             Conj/Ice       #.......     100%        4    #####..
 Regeneration             Chrm/Necr      Unusable     N/A         3    N/A

Dungeon Overview and Level Annotations

Branches:
Dungeon (9/15)             Temple (0/1) D:4
   Lair: D:8-11         Orc: D:9-12

Altars:
Ashenzari
Elyvilon
Gozag
Hepliaklqana
Nemelex Xobeh
Okawaru
Ru
Uskayaw
Wu Jian

Shops:
D:4 :%(   D:7 !   D:8 =*

Annotations:
D:5 3 runed translucent doors, Thargor's ghost, amateur DEFE
D:7 2 transporters, Delamore's ghost, amateur HOFi


Innate Abilities, Weirdness & Mutations

You are resistant to damage.
You can heal yourself by infusing magical energy.
You passively map the area around you.
You do not regenerate.


Message History

The two-headed ogre closely misses you. Something completely misses you.
Something bites you but does no damage.
You hit the two-headed ogre.
The two-headed ogre is heavily wounded.
You hit something. You closely miss the wight.
Your plate armour prevents you from hitting the two-headed ogre.
The two-headed ogre is heavily wounded.
You closely miss something. You barely miss the wight.
Something hits you but does no damage. Something bites you.
* * * LOW HITPOINT WARNING * * *
Something draws strength from your injuries!
The wight closely misses you.
You hit the two-headed ogre.
Lightning courses through the two-headed ogre!
The two-headed ogre is almost dead.
You hit something. You barely miss the wight.
The two-headed ogre hits you with a +0 giant club!
* * * LOW HITPOINT WARNING * * *
The two-headed ogre hits you with a +0 giant club!!
You die...

##.......# #.#
#.....)..# #.#
#........# #.#
#........# #.#
#........# #.#
####.....########.#
##....#........#
#.#..##.#######
#..z@##.# ##.#O##.#
#...##.# ##.)##.#
#..>##.# ##########
#...##.#
.........#####...##.#
########.#..........#
## #.#.##########


You could see a two-headed ogre and a wight.

Vanquished Creatures
  3 two-headed ogres (D:8)
  Pikel (D:6)
  A hippogriff (D:8)
  A wyvern (D:8)
  Eustachio (D:6)
  4 hogs (D:7)
  A human (D:7)
  A hungry ghost (D:7)
  A water moccasin (D:8)
  3 sky beasts
  3 slaves (D:6)
  3 orc warriors
  4 ogres
  3 phantoms
  A centaur (D:8)
  5 bullfrogs
  2 scorpions
  5 wights
  3 crimson imps
  A quasit (D:7)
  2 centaur zombies
  7 orc priests
  3 jellies
  16 orc wizards
  Crazy Yiuf (D:7)
  A gnoll shaman (D:7)
  4 hounds
  Jessica (D:2)
  Natasha (thrice) (D:2)
  7 worker ants
  A hound skeleton (D:6)
  2 hound zombies
  Robin (D:3)
  12 gnolls
  3 adders
  2 shadow imps
  An ooze (D:1)
  2 worms
  2 adder skeletons
  3 dart slugs (D:1)
  5 leopard geckos
  38 orcs
  A ball python (D:6)
  6 giant cockroaches
  17 goblins
  9 hobgoblins
  7 jackals
  3 quokkas
  8 bats
  6 frilled lizards
  A jackal skeleton (D:4)
  2 jackal zombies
  11 kobolds
  A leopard gecko skeleton (D:8)
  2 leopard gecko zombies
  7 rats
245 creatures vanquished.

Vanquished Creatures (collateral kills)
  A troll (D:9)
  A wyvern (D:9)
  A scorpion (D:9)
  A wight (D:9)
  2 orcs (D:9)
6 creatures vanquished.

Vanquished Creatures (others)
  An orc (D:6)
1 creature vanquished.

Grand Total: 252 creatures vanquished

Notes
Turn   | Place    | Note
-------+----------+-------------------------------------------
     0 | D:1      | Descartes the Deep Dwarf Berserker began the quest for the
                  | Orb.
     0 | D:1      | Reached XP level 1. HP: 20/20 MP: 1/1
   111 | D:1      | Reached XP level 2. HP: 21/27 MP: 2/2
   322 | D:1      | Reached XP level 3. HP: 11/33 MP: 3/3
   336 | D:1      | Reached ** piety under Trog
  1156 | D:2      | Reached XP level 4. HP: 42/42 MP: 4/4
  1277 | D:2      | Noticed Natasha
  1287 | D:2      | Killed Natasha
  1336 | D:2      | Noticed Natasha
  1341 | D:2      | Killed Natasha
  1341 | D:2      | Reached skill level 1 in Shields
  1486 | D:2      | Noticed Natasha
  1492 | D:2      | Killed Natasha
  1492 | D:2      | Reached XP level 5. HP: 42/49 MP: 5/5
  1605 | D:2      | Noticed Jessica
  1615 | D:2      | Killed Jessica
  1697 | D:2      | Found a hide-covered altar of Uskayaw.
  2020 | D:3      | Noticed Robin
  2255 | D:2      | Reached XP level 6. HP: 20/56 MP: 6/6
  2644 | D:3      | Reached skill level 1 in Evocations
  2683 | D:3      | Reached *** piety under Trog
  2744 | D:3      | Killed Robin
  2773 | D:3      | Found a sacrificial altar of Ru.
  3059 | D:4      | Found Fagougy's Antique Weapon Shoppe.
  3091 | D:4      | Found Idimocw's Book Emporium.
  3099 | D:4      | Found a staircase to the Ecumenical Temple.
  3271 | D:4      | Reached XP level 7. HP: 63/63 MP: 7/7
  3366 | D:4      | Found Yxkovor's Food Emporium.
  3715 | D:5      | Entered Level 5 of the Dungeon
  3759 | D:5      | Reached skill level 5 in Armour
  3761 | D:5      | Got a translucent ring mail
  3772 | D:5      | Identified the +0 ring mail "Famyept" {MP+9 SInv} (You
                  | found it on level 5 of the Dungeon)
  3806 | D:5      | Found a runed translucent gate.
  3806 | D:5      | Found a runed translucent gate.
  3810 | D:5      | Found a runed translucent gate.
  3811 | D:5      | Noticed Thargor's ghost (amateur DEFE)
  3922 | D:5      | Reached skill level 5 in Dodging
  4036 | D:5      | Identified the cursed +1 long sword "Dragon's Tongue"
                  | {protect, Dex+2}
  4099 | D:5      | Found a sand-covered staircase.
  4438 | D:5      | Reached XP level 8. HP: 40/72 MP: 8/8
  4999 | D:6      | Found an opulent altar of Gozag.
  5004 | D:6      | Reached **** piety under Trog
  5004 | D:6      | Noticed Pikel
  5034 | D:6      | Killed Pikel
  5034 | D:6      | Reached skill level 5 in Axes
  5086 | D:6      | Noticed Eustachio
  5092 | D:6      | Killed Eustachio
  5938 | D:7      | Gained mutation: You passively map the area around you.
                  | [Deep Dwarf growth]
  5938 | D:7      | Reached XP level 9. HP: 79/79 MP: 10/10
  6075 | D:7      | Reached skill level 5 in Fighting
  6261 | D:7      | Reached skill level 5 in Evocations
  6308 | D:7      | Found a shattered altar of Ashenzari.
  6309 | D:7      | Found an iron altar of Okawaru.
  6309 | D:7      | Found a hazy altar of Hepliaklqana.
  6309 | D:7      | Found a sparkling altar of Nemelex Xobeh.
  6315 | D:7      | Found a white marble altar of Elyvilon.
  6315 | D:7      | Found an ornate altar of the Wu Jian Council.
  6375 | D:7      | Noticed Delamore's ghost (amateur HOFi)
  6376 | D:7      | Found a transporter.
  6376 | D:7      | Noticed a two-headed ogre
  6380 | D:7      | Found a transporter.
  6616 | D:7      | Reached ***** piety under Trog
  6691 | D:7      | Found a runed translucent door.
  6692 | D:7      | Noticed Crazy Yiuf
  6695 | D:7      | Got a jewelled mace
  6701 | D:7      | Killed Crazy Yiuf
  6711 | D:7      | Identified the +7 mace of Untruth {crush, +Fly rPois} (You
                  | found it on level 7 of the Dungeon)
  6805 | D:7      | Found Iptuilis's Distillery.
  6814 | D:7      | Bought a potion of heal wounds for 65 gold pieces
  6830 | D:8      | Noticed a two-headed ogre
  6871 | D:8      | Found Jemetz's Elemental Accessories.
  6881 | D:8      | Reached XP level 10. HP: 90/90 MP: 12/12
  7125 | D:8      | Killed a two-headed ogre
  7125 | D:8      | Reached skill level 1 in Maces & Flails
  7189 | D:8      | Noticed a two-headed ogre
  7196 | D:8      | Killed a two-headed ogre
  7328 | D:8      | Found Siefram's Jewellery Boutique.
  7352 | D:8      | Noticed a two-headed ogre
  7363 | D:8      | Killed a two-headed ogre
  8303 | D:9      | Noticed a two-headed ogre
  8329 | D:8      | Mangled by a two-headed ogre

Levels and vault maps discovered:
D:1:      minmay_arrival_semitransparent, layout_loops_ring
D:2:      layout_loops_cross, lemuel_doored_altar, serial_forest,
          infiniplex_forest_corner_1, infiniplex_forest_lined_3,
          infiniplex_forest_lined_corner, infiniplex_forest_lined_room_2,
          infiniplex_forest_zigzag_2, corexii_corridor_pit, uniq_jessica,
          uniq_natasha
D:3:      layout_basic, old_standard_altar, first_ration, uniq_robin
D:4:      layout_gridville, minmay_temple_entry_gardened_gates, serial_shops,
          nicolae_shop_overgrown_old_shop, shop, kennysheep_mini
D:5:      layout_loops_cross, gammafunk_ghost_necromancy, enter_ossuary_5
D:6:      layout_basic, grunt_gozag_statues, minmay_misc_feat_ornament,
          kennysheep_decorative_pillar, kennysheep_nondescript,
          skrybe_limestone_x, uniq_pikel, uniq_eustachio
D:7:      layout_rooms, minmay_overflow_temple_hex, gammafunk_ghost_smash,
          serial_shops, shop_statue, grunt_livestock, uniq_crazy_yiuf_cottage
D:8:      layout_basic, nicolae_elemental_shop, minmay_shop_enchanted_jewellery
D:9:      layout_cross, lair_entry_dummy

Skill      XL: |  1  2  3  4  5  6  7  8  9 10 |
---------------+-------------------------------+-----
Fighting       | 3 4 5 6 |  6.3
Dodging        | 3 4 5 6 8 9 |  9.8
Armour         | 3 4 5 6 8 9 |  9.8
Shields        | 1 2 3 4 |  4.0
Axes           | 4 5 6 7 |  7.4
Evocations     | 1 2 4 6 7 |  7.4
Maces & Flails | 2 |  2.9

Action                   |  1- 3 |  4- 6 |  7- 9 | 10-12 || total
-------------------------+-------+-------+-------+-------++-------
Melee: Hand axe          |    97 |   135 |   297 |    14 ||   543
       Mace              |       |       |     8 |   141 ||   149
Invok: Berserk           |     1 |     5 |     8 |     5 ||    19
       Trog's Hand       |     3 |     3 |     4 |     6 ||    16
       Brothers in Arms  |       |       |       |     1 ||     1
 Abil: Heal Wounds       |       |     1 |     6 |     1 ||     8
       Evoke Flight      |       |       |     1 |       ||     1
  Use: Scroll            |       |     3 |     7 |       ||    10
       Potion            |       |       |     1 |     1 ||     2
 Stab: Distracted        |       |       |     1 |       ||     1
  Eat: Chunk             |     3 |    11 |    20 |     7 ||    41
       Ration            |       |       |       |     2 ||     2
Armor: Leather armour    |    10 |       |    43 |       ||    53
       Animal skin       |     3 |       |       |       ||     3
       Ring mail         |    10 |     7 |     7 |    43 ||    67
       Robe              |       |    20 |    14 |       ||    34
       Plate armour      |       |       |       |    61 ||    61
       Skin              |       |       |       |     2 ||     2
Dodge: Dodged            |    52 |    74 |   182 |   174 ||   482
Block: Buckler           |     7 |    20 |    81 |    43 ||   151
